 Dungeon Crawl Stone Soup version 0.31-a0-1612-g4aaf141004 (webtiles) character file.

Game seed: 5374991921441524274

2110 zenocrate the Covert (level 9, -3/40 HPs)
             Began as a Vine Stalker Enchanter on Jan 9, 2024.
             Was an Initiate of Gozag.
             Slain by a gnoll
             ... wielding a +0 halberd
             ... led by a gnoll bouda
              (12 damage)
             ... on level 6 of the Dungeon.
             The game lasted 00:06:54 (5251 turns).

zenocrate the Covert (Vine Stalker Enchanter)       Turns: 5251, Time: 00:06:55

Health: -3/40      AC:  3    Str: 12    XL:     9   Next: 28%
Magic:  0/13       EV:  7    Int: 15    God:    Gozag
Gold:   444        SH:  0    Dex: 18    Spells: 3/12 levels left

rFire   . . .        a - +0 dagger (drain)
rCold   . . .        (no shield)
rNeg    + . .        x - +0 robe
rPois   .            (no helmet)
rElec   .            k - +0 cloak
rCorr   .            (no gloves)
SInv    .            (no boots)
Will    +....        (no amulet)
Stlth   ++++         p - ring of positive energy
HPRegen 1.06/turn    (no ring)
MPRegen 0.13/turn

%: guardian spirit
@: gold aura, held, invisible
A: fangs 3, regeneration 1, magic shield, antimagic bite, no potion heal 2
a: Renounce Religion, Potion Petition, Call Merchant, Bribe Branch


You were on level 6 of the Dungeon.
You worshipped Gozag.
Gozag was aware of your devotion.
You visited 2 branches of the dungeon, and saw 7 of its levels.

You collected 544 gold pieces.
You paid 100 gold pieces to Gozag.

Inventory:

Hand Weapons
 a - a +0 dagger of draining (weapon)
 b - a +0 rapier
 F - a +1 dagger
Missiles
 m - 5 throwing nets
 n - 2 poisoned darts (quivered)
 t - 9 boomerangs
 u - 6 javelins
Armour
 k - a +0 cloak (worn)
 x - a +0 robe (worn)
Jewellery
 p - a ring of positive energy (left hand)
Wands
 C - a wand of flame (12)
Scrolls
 d - 2 scrolls of poison {unknown}
 e - 2 scrolls of immolation {unknown}
 f - a scroll of enchant weapon {unknown}
 i - a scroll of fog {unknown}
 l - a scroll of vulnerability {unknown}
 q - a scroll of butterflies {unknown}
 s - 2 scrolls of teleportation {unknown}
 v - a scroll of fear {unknown}
 w - a scroll of identify {unknown}
 y - a scroll of amnesia {unknown}
 D - a scroll of brand weapon {unknown}
 G - a scroll of noise {unknown}
Potions
 c - a potion of invisibility
 g - a potion of cancellation {unknown}
 h - 8 potions of curing {unknown}
 j - a potion of degeneration {unknown}
 o - 2 potions of mutation {unknown}
 r - a potion of magic {unknown}
 z - a potion of experience {unknown}
 A - a potion of heal wounds {unknown}
 B - a potion of resistance {unknown}
 E - a potion of attraction {unknown}


   Skills:
 - Level 0.5 Fighting
 + Level 5.0 Short Blades
 - Level 3.9 Dodging
 + Level 8.1 Stealth
 - Level 2.1 Spellcasting
 + Level 6.2 Hexes
 - Level 4.3 Ice Magic
 + Level 2.4 Evocations


You had 3 spell levels left.
You knew the following spells:

 Your Spells              Type           Power      Damage    Failure   Level
a - Ensorcelled Hibernat  Hex/Ice        34%        N/A       3%          2
b - Confusing Touch       Hex            20%        N/A       4%          3
c - Tukima's Dance        Hex            20%        N/A       4%          3
m - Apportation           Tloc           2%         N/A       22%         1

Your spell library contained the following spells:

 Spells                   Type           Power      Damage    Failure   Level
 Jinxbite                 Hex            40%        N/A       2%          2
 Dazzling Flash           Conj/Hex       22%        N/A       19%         3
 Summon Ice Beast         Ice/Summ       8%         N/A       26%         3
 Lesser Beckoning         Tloc           2%         N/A       32%         2
 Mercury Vapours          Alch/Air       2%         N/A       32%         2
 Gell's Gravitas          Tloc           1%         N/A       54%         3
 Mephitic Cloud           Conj/Alch/Air  1%         N/A       54%         3
 Teleport Other           Tloc           1%         N/A       54%         3
 Silence                  Hex/Air        5%         N/A       86%         5
 Summon Mana Viper        Hex/Summ       11%        N/A       86%         5
 Freezing Cloud           Conj/Ice/Air   2%         6-21      98%         5
 Alistair's Intoxication  Alch           0%         N/A       99%         5
 Curse of Agony           Necr           1%         N/A       99%         5
 Monstrous Menagerie      Summ           0%         N/A       100%        7


Dungeon Overview and Level Annotations

Branches:
Dungeon (6/15)             Temple (1/1) D:5

Altars:
Ashenzari
Cheibriados
Dithmenos
Elyvilon
Gozag
Okawaru
Sif Muna
Uskayaw
Vehumet
Wu Jian
Xom
Yredelemnul
The Shining One

Shops:
D:1 [


Innate Abilities, Weirdness & Mutations

You have razor-sharp teeth.
Your natural rate of healing is unusually fast.
When hurt, damage is shared between your health and your magic reserves.
Your bite disrupts and absorbs the magic of your enemies.
Potions cannot restore your health.


Message History

Aiming: Ensorcelled Hibernation (safe; 3% risk of failure)
Press: ? - help, Shift-Dir - straight line, f - gnoll bouda
Aim: a gnoll bouda, wielding a +0 club and wearing a +0 robe (chance to affect: 50%)
The gnoll bouda looks drowsy...
Unknown command.
The helpless gnoll bouda fails to defend itself.
You impale the gnoll bouda!!
You kill the gnoll bouda!
The gnoll closely misses you.
The gnoll is distracted by your dazzling golden aura.
Casting: Ensorcelled Hibernation (safe; 3% risk of failure)
Confirm with . or Enter, or press ? or * to list all spells.
Aiming: Ensorcelled Hibernation (safe; 3% risk of failure)
Press: ? - help, Shift-Dir - straight line, f - iguana
Aim: an iguana (chance to affect: 59%)
The iguana looks drowsy...
The gnoll shouts!
Your attacks no longer feel as feeble.
The gnoll hits you from afar with a +0 halberd!
The gnoll hits you from afar with a +0 halberd.
* * * LOW HITPOINT WARNING * * *
The helpless iguana fails to defend itself.
You stick the iguana like a pincushion!!!
You kill the iguana!
The gnoll closely misses you. x2
The gnoll hits you from afar with a +0 halberd.
* * * LOW HITPOINT WARNING * * *
Unknown command.
Unknown command.
Okay, then.
You fade into invisibility!
The gnoll is no longer moving quickly.
The gnoll is no longer distracted by gold.
The gnoll throws a throwing net.
The throwing net hits you.
You become entangled in the net!
Unknown command.
You struggle against the net.
The gnoll closely misses you.
The gnoll hits you from afar with a +0 halberd!
You die...
Your body crumbles into a pile of gold.

.................. ....
..............#.# ##...
................# ##....
#...............# #.....
#......glg...# .#.. #.....
.......gg..g.##.....##.....
#.....#g###g...............
.... #.##.gg...##...##..#.
g... #$##@..........##...#
gg...##g#....##......###..#
#..g....#..............#...
#.###.........#............
#..#......#.....#..####
##.#####.....#......... ##
###...####.......#
#......##.......##
###..........#.>#.


You could see 4 gnolls.

Vanquished Creatures
  Grinder (D:5)
  Sigmund (D:2)
  Edmund (D:6)
  Menkaure (D:4)
  A water moccasin (D:5)
  An ogre (D:5)
  2 black bears
  Blork the orc (D:6)
  A gnoll sergeant (D:6)
  2 scorpions
  2 wights
  2 hounds (D:5)
  2 gnoll boudas
  2 bombardier beetles (D:5)
  2 jellies (D:5)
  3 orc priests
  A sleepcap (D:6)
  3 iguanas
  Terence (D:2)
  An orc wizard (D:6)
  15 gnolls
  3 adders
  A ribbon worm (D:4)
  2 dart slugs
  14 orcs
  4 ball pythons
  8 bats
  7 endoplasms
  4 giant cockroaches
  7 goblins
  8 hobgoblins
  7 kobolds
  3 quokkas
  5 frilled lizards
  3 rats
122 creatures vanquished.

Vanquished Creatures (collateral kills)
  A wight (D:6)
1 creature vanquished.

Vanquished Creatures (others)
  A dancing weapon (D:6)
1 creature vanquished.

Grand Total: 124 creatures vanquished

Notes
Turn   | Place    | Note
-------+----------+-------------------------------------------
     0 | D:1      | zenocrate the Vine Stalker Enchanter began the quest for
                  | the Orb.
     0 | D:1      | Reached XP level 1. HP: 9/9 MP: 4/4
    20 | D:1      | Reached skill level 1 in Short Blades
    34 | D:1      | Reached XP level 2. HP: 13/13 MP: 3/6
    37 | D:1      | Learned a level 2 spell: Ensorcelled Hibernation
   120 | D:1      | Found Dungice's Armour Emporium.
   174 | D:1      | Reached skill level 4 in Stealth
   277 | D:1      | Reached XP level 3. HP: 10/17 MP: 1/7
   414 | D:1      | Learned a level 3 spell: Confusing Touch
   699 | D:2      | Noticed Sigmund
   710 | D:2      | Killed Sigmund
   711 | D:2      | Reached XP level 4. HP: 20/21 MP: 6/8
   711 | D:2      | Reached XP level 5. HP: 24/25 MP: 6/9
  1002 | D:2      | Found a snail-covered altar of Cheibriados.
  1038 | D:2      | Noticed Terence
  1045 | D:2      | Killed Terence
  1046 | D:2      | Reached skill level 5 in Stealth
  1046 | D:2      | Reached XP level 6. HP: 29/29 MP: 10/10
  1800 | D:3      | Found an iron altar of Okawaru.
  2146 | D:3      | Found a shimmering blue altar of Sif Muna.
  2178 | D:3      | Learned a level 3 spell: Tukima's Dance
  2321 | D:4      | Found a hide-covered altar of Uskayaw.
  2325 | D:4      | Noticed a +0 hand axe
  2325 | D:4      | Noticed a +0 dagger
  2431 | D:4      | Noticed Menkaure
  2444 | D:4      | Killed Menkaure
  2445 | D:4      | Reached XP level 7. HP: 32/32 MP: 11/11
  3106 | D:5      | Entered Level 5 of the Dungeon
  3515 | D:5      | Learned a level 1 spell: Apportation
  3565 | D:5      | Noticed Grinder
  3565 | D:5      | Paralysed by Grinder for 4 turns
  3582 | D:5      | Killed Grinder
  3583 | D:5      | Reached skill level 6 in Stealth
  3670 | D:5      | Found a radiant altar of Vehumet.
  3719 | D:5      | Reached skill level 5 in Hexes
  3719 | D:5      | Gained mutation: You have razor-sharp teeth. [Vine Stalker
                  | growth]
  3719 | D:5      | Reached XP level 8. HP: 37/37 MP: 5/12
  4016 | D:5      | Found an opulent altar of Gozag.
  4036 | D:5      | Found a staircase to the Ecumenical Temple.
  4047 | D:5      | Became a worshipper of Gozag Ym Sagoz the Greedy
  4058 | Temple   | Entered the Ecumenical Temple
  4235 | D:5      | Reached skill level 7 in Stealth
  4591 | D:6      | Reached skill level 1 in Evocations
  4640 | D:6      | Noticed Edmund
  4652 | D:6      | Killed Edmund
  4708 | D:6      | Reached XP level 9. HP: 40/40 MP: 9/13
  4722 | D:6      | Noticed Blork the orc
  4736 | D:6      | Killed Blork the orc
  4849 | D:6      | HP: 2/40 [gnoll sergeant/+5 vampiric trident (7)]
  5207 | D:6      | Reached skill level 8 in Stealth
  5245 | D:6      | Reached skill level 5 in Short Blades
  5251 | D:6      | Slain by a gnoll

Illustrated notes

Levels and vault maps discovered:
D:1:      minmay_arrival_plants_in_alcoves, layout_rooms, serial_shops, shop,
          hangedman_decor_growths
D:2:      layout_basic, basic_altar, uniq_terence, uniq_sigmund
D:3:      layout_rooms, kennysheep_orc_sif_temple, lemuel_coloured_pillars_altar
D:4:      layout_loops_ring, dancing_weapons_uskayaw, uniq_menkaure
D:5:      nicolae_cairo_tiling_very_big, layout_loops_ring,
          general_overflow_altar, nicolae_gozag_cash_rules_everything_around_me,
          minmay_temple_entry_proselytizer, uniq_grinder
D:6:      layout_cave_pools, mainiacjoe_overflow_alcove_4, uniq_blork_the_orc,
          uniq_edmund
Temple:   nicolae_temple_little_seven

Skill      XL: |  1  2  3  4  5  6  7  8  9 |
---------------+----------------------------+-----
Short Blades   | 1 2 3 4 5 |  5.0
Stealth        | 4 5 6 7 8 |  8.1
Dodging        | 2 3 |  3.9
Ice Magic      | 2 3 4 |  4.3
Hexes          | 4 5 6 |  6.2
Evocations     | 1 2 |  2.4
Fighting       | |  0.5
Spellcasting   | |  2.1

Action                     |  1- 3 |  4- 6 |  7- 9 || total
---------------------------+-------+-------+-------++-------
  Melee: Dagger            |    65 |    82 |    58 ||   205
         Bite              |    16 |    19 |    59 ||    94
         Punch             |     1 |     1 |     4 ||     6
         Rapier            |       |       |   121 ||   121
   Cast: Ensorcelled Hiber |     3 |    19 |    47 ||    69
         Confusing Touch   |       |     1 |     6 ||     7
         Tukima's Dance    |       |       |     2 ||     2
    Use: Potion            |       |       |     2 ||     2
   Stab: Sleeping          |     8 |    19 |    34 ||    61
         Confused          |       |       |     6 ||     6
         Invisible         |       |       |     3 ||     3
 Armour: Robe              |    32 |    32 |   128 ||   192
  Dodge: Dodged            |    32 |    52 |   123 ||   207

Table legend: (Time is in decaauts)
 A = Elapsed time spent in this place.
 B = Non-inter-level travel time spent in this place.
 C = Inter-level travel time spent in this place.
 D = Time resting spent in this place.
 E = Time spent auto-exploring this place.
 F = Levels seen in this place.
 G = Mean time per level.
                   A        B        C        D        E       F      G
               +--------+--------+--------+--------+--------+-----+--------+
         Total |   5233 |   5032 |    201 |      2 |   4034 |   7 |  747.6 |
       Dungeon |   5228 |   5027 |    201 |      2 |   4031 |   6 |  871.3 |
        Temple |      4 |      4 |      0 |      0 |      3 |   1 |    4.0 |
               +--------+--------+--------+--------+--------+-----+--------+

Top non-repeatable levels by time:
     D:5: 1541 daAuts
     D:4: 1025 daAuts
     D:2: 884 daAuts
     D:3: 823 daAuts
     D:1: 518 daAuts
     D:6: 435 daAuts
  Temple: 4 daAuts
